 Dungeon Crawl Stone Soup version 0.31-a0-182-gc5ef74bbde (webtiles) character file.

Game seed: 3694698706991825171

7900 2FriedEggs the Prestidigitator (level 11, -4/48 HPs)
             Began as a Spriggan Artificer on June 20, 2023.
             Was a Believer of Nemelex Xobeh.
             Killed from afar by an acid dragon (27 damage)
             ... with a splash of acid
             ... on level 11 of the Dungeon.
             The game lasted 00:40:21 (10522 turns).

2FriedEggs the Prestidigitator (SpAr)              Turns: 10522, Time: 00:40:22

Health: -4/48      AC:  4    Str:  8    XL:     11   Next: 2%
Magic:  17/17      EV: 19    Int: 14    God:    Nemelex Xobeh [**....]
Gold:   656        SH:  0    Dex: 19    Spells: 10/10 levels left

rFire   + . .        o - +5 sling
rCold   + . .        (no shield)
rNeg    . . .        F - +2 robe {rC+}
rPois   .            q - +0 hat
rElec   +            (no cloak)
rCorr   .            (gloves unavailable)
SInv    +            (boots unavailable)
Will    +....        (no amulet)
Stlth   ++           t - ring of protection from fire
HPRegen 0.28/turn    C - +4 ring of protection
MPRegen 0.15/turn

%: no passive effects
@: corroded, very quick
A: very small, no large weapons, unfitting armour, see invisible, speed 3,
electricity resistance, wild magic 1
a: Renounce Religion, Draw Escape, Draw Destruction, Draw Summoning


You were on level 11 of the Dungeon.
You worshipped Nemelex Xobeh.
Nemelex Xobeh was pleased with you.
You visited 2 branches of the dungeon, and saw 12 of its levels.
You also visited: Ossuary.

You collected 656 gold pieces.

Inventory:

Hand Weapons
 o - a +5 sling (weapon)
 w - a +0 shortbow
 D - a +0 orcbow
Missiles
 f - 2 silver boomerangs
 p - 3 curare-tipped darts
 y - 16 poisoned darts
 H - a throwing net
Armour
 q - a +0 hat (worn)
 F - a +2 robe of cold resistance (worn)
Jewellery
 a - a +6 ring of strength
 t - a ring of protection from fire (left hand)
 C - a +4 ring of protection (right hand)
 E - a ring of magical power
 G - a ring of positive energy
 J - the ring "Qivyutaco" {rN+ Str+4}
   (You found it on level 9 of the Dungeon)

   [ring of positive energy]

   Str:       It affects your strength (+4).
   rN:        It protects you from negative energy.
 K - an amulet of regeneration
Wands
 c - a wand of flame (7)
 d - a wand of charming (19)
 e - a wand of iceblast (5)
 M - a wand of digging (9)
Scrolls
 b - 2 scrolls of amnesia
 h - 2 scrolls of fog
 m - 4 scrolls of vulnerability
 v - a scroll of enchant armour {unknown}
 z - a scroll of revelation
 A - 3 scrolls of teleportation
 L - a scroll of enchant weapon
Potions
 i - 2 potions of invisibility
 j - 3 potions of lignification {unknown}
 k - 4 potions of might
 l - 8 potions of curing {unknown}
 n - a potion of cancellation {unknown}
 r - a potion of brilliance {unknown}
 s - 2 potions of enlightenment {unknown}
 u - 2 potions of haste {unknown}
 x - 2 potions of degeneration {unknown}
 B - a potion of ambrosia {unknown}
 I - a potion of heal wounds {unknown}
 N - a potion of magic {unknown}
Miscellaneous
 g - a phantom mirror


   Skills:
 - Level 0.7 Fighting
 * Level 12.3 Ranged Weapons
 - Level 4.2 Dodging
 - Level 1.5 Stealth
 + Level 6.7 Invocations
 + Level 12.6 Evocations


You had 10 spell levels left.
You didn't know any spells.
Your spell library contained the following spells:

 Spells                   Type           Power      Damage    Failure   Level
 Apportation              Tloc           0%         N/A       36%         1
 Necrotise                Necr           0%         1d4       36%         1
 Shock                    Conj/Air       0%         1d3       36%         1
 Summon Small Mammal      Summ           0%         N/A       36%         1
 Sublimation of Blood     Necr           0%         N/A       50%         2
 Wereblood                Tmut           0%         N/A       50%         2
 Swiftness                Air            0%         N/A       73%         3
 Airstrike                Air            0%         2d(0-16)  98%         4
 Summon Hydra             Summ           0%         N/A       100%        7


Dungeon Overview and Level Annotations

Branches:
Dungeon (11/15)            Temple (1/1) D:6            Lair (0/5) D:10
Ossuary (visited)
    Orc: D:9-12

Altars:
Ashenzari
Cheibriados
Dithmenos
Elyvilon
Fedhas
Nemelex Xobeh
Okawaru
Qazlal
Trog
Uskayaw
Xom

Shops:
D:8 :

Annotations:
D:3 1 runed translucent door, Crazy Yiuf


Innate Abilities, Weirdness & Mutations

You are very small and have problems with some larger weapons.
You are too small for most types of armour.
You have supernaturally acute eyesight. (SInv)
You cover ground extremely quickly. (Speed+++)
You are resistant to electric shocks. (rElec)
Your spells are a little harder to cast, but a little more powerful.


Message History

The acid dragon is lightly wounded.
You shoot a sling bullet. The sling bullet hits the acid dragon!
The acid dragon is moderately wounded.
The acid dragon spits acid at you. The splash of acid hits you!
The acid corrodes you!
You shoot a sling bullet. The sling bullet hits the acid dragon!
The acid dragon is severely wounded.
You shoot a sling bullet.
The sling bullet completely misses the acid dragon.
A shadow comes into view.
You shoot a sling bullet. The sling bullet hits the acid dragon!
The acid dragon is almost dead.
The acid dragon spits acid at you. The splash of acid hits you!
Fire: o) +5 sling
Press: ? - help, Q - select action, (/) - cycle Shift-Dir - straight line, f/p - acid dragon
Aim: an acid dragon (almost dead, catching its breath, 70% to hit)
You shoot a sling bullet.
The sling bullet hits the acid dragon but does no damage.
The acid dragon is almost dead.
Fire: o) +5 sling
Press: ? - help, Q - select action, (/) - cycle Shift-Dir - straight line, f/p - acid dragon
Aim: an acid dragon (almost dead, catching its breath, 70% to hit)
Okay, then.
Fire: o) +5 sling
Press: ? - help, Q - select action, (/) - cycle Shift-Dir - straight line, f/p - acid dragon
Aim: an acid dragon (almost dead, catching its breath, 70% to hit)
You shoot a sling bullet.
The sling bullet closely misses the acid dragon.
Unknown command.
Fire: o) +5 sling
Press: ? - help, Q - select action, (/) - cycle Shift-Dir - straight line, f/p - acid dragon
Aim: an acid dragon (almost dead, 70% to hit)
You shoot a sling bullet.
The sling bullet closely misses the acid dragon.
The acid dragon spits acid at you. The splash of acid hits you!!
Ouch! That really hurt!
You die...
Your body glows slightly and disappears.

#.........#
#..D......## .#
###.#####..###. #..#
#.#.. #.## ###...
##.# #....
#######..## #.#.#
#(........# ##.#.###
#.......@.###......#
#.........#...#....#
#...........###.<..#
#.........###
#.......#
#.........#
#.....###
#.........# #.....#
#.........# #....##
#.........# #....#
########### #.....


You could see an acid dragon (catching breath).

Vanquished Creatures
  An unseen horror (D:9)
  2 hornets
  8 yaks
  Sigmund (D:6)
  A wraith (D:6)
  Grum (D:10)
  A steam dragon (D:10)
  2 water moccasins
  A sky beast (D:6)
  An ice beast (D:8)
  2 orc warriors
  A black bear (D:3)
  2 wolves (D:10)
  A centaur (D:8)
  3 ogres (D:6)
  A phantom (D:7)
  A kobold brigand (D:9)
  6 bullfrogs
  A gnoll sergeant (D:7)
  5 scorpions
  13 wights
  2 killer bees
  4 howler monkeys
  4 orc priests
  4 jellies
  3 gnoll boudas
  2 sleepcaps (D:6)
  4 hounds
  2 human zombies (Ossuary)
  Jessica (D:3)
  Terence (D:3)
  6 iguanas
  4 orc wizards
  2 hound zombies (Ossuary)
  5 mummies
  5 adders
  9 gnolls
  3 shadow imps
  3 white imps (D:6)
  An adder zombie (Ossuary)
  5 worms
  A dart slug (D:2)
  22 orcs
  10 endoplasms
  4 giant cockroaches (D:2)
  9 goblins
  6 hobgoblins
  3 jackals (D:3)
  10 kobolds
  3 quokkas
  10 ball pythons
  5 bats
  3 frilled lizards
  3 gnoll zombies (Ossuary)
  A goblin zombie (D:4)
  2 hobgoblin zombies (Ossuary)
  2 jackal zombies (Ossuary)
  An orc zombie (D:4)
  11 rats
231 creatures vanquished.

Vanquished Creatures (collateral kills)
  Gastronok (D:10)
  2 wights (D:9)
  5 killer bees
  An orc (D:9)
9 creatures vanquished.

Vanquished Creatures (others)
  An orc warrior (D:9)
  3 killer bees (D:8)
  An orc wizard (D:6)
5 creatures vanquished.

Grand Total: 245 creatures vanquished

Notes
Turn   | Place    | Note
-------+----------+-------------------------------------------
     0 | D:1      | 2FriedEggs the Spriggan Artificer began the quest for the
                  | Orb.
     0 | D:1      | Reached XP level 1. HP: 9/9 MP: 2/2
    12 | D:1      | Found a faded altar of an unknown god.
   238 | D:1      | Reached XP level 2. HP: 14/14 MP: 3/3
   715 | D:2      | Found a blossoming altar of Fedhas.
   806 | D:2      | Reached skill level 5 in Evocations
   862 | D:2      | Reached XP level 3. HP: 14/17 MP: 4/4
  1668 | D:3      | Reached skill level 1 in Ranged Weapons
  1928 | D:3      | Noticed Terence
  1957 | D:3      | Killed Terence
  1958 | D:3      | Reached XP level 4. HP: 21/21 MP: 5/5
  2042 | D:3      | Noticed a black bear
  2081 | D:3      | Noticed Jessica
  2089 | D:3      | Killed Jessica
  2343 | D:3      | Killed a black bear
  2344 | D:3      | Reached XP level 5. HP: 23/25 MP: 6/6
  2516 | D:3      | Found a runed translucent door.
  2517 | D:3      | Noticed Crazy Yiuf
  2801 | D:4      | Found a sand-covered staircase.
  2809 | D:4      | Reached XP level 6. HP: 9/29 MP: 7/7
  2848 | Ossuary  | Entered an ossuary
  3794 | D:4      | You fall into a shaft and drop 2 floors!
  3811 | D:5      | Entered Level 5 of the Dungeon
  3831 | D:5      | Reached skill level 5 in Ranged Weapons
  4054 | D:5      | Reached XP level 7. HP: 32/32 MP: 8/8
  4300 | D:5      | Found a broken altar of Ashenzari.
  4389 | D:5      | Found a stormy altar of Qazlal.
  4928 | D:6      | Reached XP level 8. HP: 30/37 MP: 9/9
  5584 | D:6      | Found a staircase to the Ecumenical Temple.
  5599 | D:6      | Identified the +8 spear of Drought {flame, *Rage *Noise
                  | rC+++ Int+5}
  5606 | Temple   | Entered the Ecumenical Temple
  5624 | Temple   | Became a worshipper of Nemelex Xobeh the Trickster
  5632 | D:6      | Noticed Sigmund
  5635 | D:6      | Killed Sigmund
  5636 | D:6      | Reached skill level 1 in Invocations
  6332 | D:6      | Reached XP level 9. HP: 38/40 MP: 11/11
  6453 | D:7      | Reached skill level 10 in Evocations
  7220 | D:7      | Reached * piety under Nemelex Xobeh
  7293 | D:7      | Reached skill level 10 in Ranged Weapons
  7753 | D:8      | Received a gift from Nemelex Xobeh
  7974 | D:8      | Found Zaqiby's Tremendous Tomes.
  8134 | D:8      | Reached XP level 10. HP: 19/44 MP: 14/14
  8633 | D:9      | Reached skill level 5 in Invocations
  8672 | D:9      | Reached ** piety under Nemelex Xobeh
  8699 | D:9      | Identified the ring "Qivyutaco" {rN+ Str+4}
  9359 | D:10     | Entered Level 10 of the Dungeon
  9369 | D:10     | Noticed Gastronok
  9437 | D:10     | Gained mutation: You sometimes lose your temper in combat.
                  | [potion of mutation]
  9437 | D:10     | Gained mutation: You have a pair of small horns on your
                  | head. [potion of mutation]
  9437 | D:10     | Gained mutation: Armour fits poorly on your strangely
                  | shaped body. [potion of mutation]
  9438 | D:10     | Lost mutation: You have a pair of small horns on your head.
                  | [potion of mutation]
  9438 | D:10     | Lost mutation: Armour fits poorly on your strangely shaped
                  | body. [potion of mutation]
  9438 | D:10     | Lost mutation: You sometimes lose your temper in combat.
                  | [potion of mutation]
  9438 | D:10     | Gained mutation: You are clumsy. (Dex -2) [potion of
                  | mutation]
  9438 | D:10     | Gained mutation: You are occasionally teleported next to
                  | monsters. [potion of mutation]
  9439 | D:10     | Lost mutation: You are clumsy. (Dex -2) [potion of
                  | mutation]
  9439 | D:10     | Lost mutation: You are occasionally teleported next to
                  | monsters. [potion of mutation]
  9439 | D:10     | Gained mutation: Your spells are a little harder to cast,
                  | but a little more powerful. [potion of mutation]
  9439 | D:10     | Gained mutation: You are resistant to electric shocks.
                  | (rElec) [potion of mutation]
  9853 | D:10     | Killed Gastronok
 10026 | D:10     | Noticed Grum
 10033 | D:10     | Reached XP level 11. HP: 48/48 MP: 16/16
 10060 | D:10     | Killed Grum
 10082 | D:10     | Found a staircase to the Lair.
 10166 | D:10     | Identified the +6 plate armour of Jaogoc {+Blink +Inv Int+3
                  | Dex-3}
 10286 | D:10     | Found a bloodstained altar of Trog.
 10522 | D:11     | Killed from afar by an acid dragon

Illustrated notes

Levels and vault maps discovered:
D:1:      amcnicky_arrival_double_pillar, layout_loops_cross,
          chequers_ecumenical_altar_simple_redux
D:2:      layout_basic, basic_altar
D:3:      layout_basic, kennysheep_cross_bottleneck, uniq_terence, uniq_jessica,
          uniq_crazy_yiuf_cottage
D:4:      layout_basic, nicolae_ossuary_entry_giza, serial_forest,
          infiniplex_forest_lined_room_3, infiniplex_forest_lined_room_3,
          infiniplex_forest_corner_2, infiniplex_forest_corner_2,
          infiniplex_forest_lined_corner, infiniplex_forest_straight_5,
          infiniplex_forest_clump_curved, infiniplex_forest_clump_large,
          infiniplex_forest_clump_small
D:5:      layout_rooms, mainiacjoe_overflow_catwalk_spiral,
          kennysheep_generic_room_4
D:6:      minmay_clustersquares, layout_layer_cave,
          minmay_temple_entry_large_hall, kennysheep_cluttered_room,
          uniq_sigmund
D:7:      layout_basic, chequers_serial_rivers_marsh, dreamdust_gnoll_shepherd
D:8:      layout_basic, palyth_stone_intersect, nicolae_shop_i_like_big_books
D:9:      layout_gridville
D:10:     layout_cave_pools, tgw_trog, dpeg_oklobed_lair, uniq_gastronok,
          uniq_grum
D:11:     layout_rooms, enter_trove_0, nicolae_letterblocks
          [nicolae_letter_subblock, nicolae_letter_subblock,
          nicolae_letter_subblock, nicolae_letter_subblock,
          nicolae_letter_subblock, nicolae_letter_subblock,
          nicolae_letter_subblock, nicolae_letter_subblock,
          nicolae_letter_subblock, nicolae_letter_subblock,
          nicolae_letter_subblock, nicolae_letter_subblock,
          nicolae_letter_subblock, nicolae_letter_subblock,
          nicolae_letter_subblock, nicolae_letter_subblock,
          nicolae_letter_subblock, nicolae_letter_subblock,
          nicolae_letter_subblock, nicolae_letter_subblock,
          nicolae_letter_subblock, nicolae_letter_subblock,
          nicolae_letter_subblock, nicolae_letter_subblock,
          nicolae_letter_subblock]
Temple:   compressed_dpeg_triangle_lava_temple

Skill      XL: |  1  2  3  4  5  6  7  8  9 10 |
---------------+-------------------------------+-----
Dodging        | 4 |  4.2
Evocations     | 5 6 7 8 9 11 12 | 12.6
Ranged Weapons | 1 3 5 6 8 10 12 | 12.3
Invocations    | 2 4 6 |  6.7
Fighting       | |  0.7
Stealth        | |  1.5

Action                     |  1- 3 |  4- 6 |  7- 9 | 10-12 || total
---------------------------+-------+-------+-------+-------++-------
  Melee: Mace              |   116 |       |       |       ||   116
         Club              |     1 |       |       |       ||     1
   Fire: Sling             |    48 |   197 |   457 |   250 ||   952
  Throw: Dart              |       |       |       |     7 ||     7
 Invoke: Draw Destruction  |       |       |       |     4 ||     4
         Draw Summoning    |       |       |       |     2 ||     2
         Draw Escape       |       |       |       |     1 ||     1
  Evoke: Wand              |     3 |     3 |    10 |     7 ||    23
    Use: Scroll            |       |     6 |     3 |     4 ||    13
         Potion            |       |       |       |     3 ||     3
   Stab: Sleeping          |     6 |       |       |       ||     6
 Armour: Robe              |    13 |     1 |    16 |    17 ||    47
  Dodge: Dodged            |   130 |    40 |    94 |    56 ||   320

Table legend: (Time is in decaauts)
 A = Elapsed time spent in this place.
 B = Non-inter-level travel time spent in this place.
 C = Inter-level travel time spent in this place.
 D = Time resting spent in this place.
 E = Time spent auto-exploring this place.
 F = Levels seen in this place.
 G = Mean time per level.
                   A        B        C        D        E       F      G
               +--------+--------+--------+--------+--------+-----+--------+
         Total |   7596 |   7289 |    307 |    959 |   3685 |  13 |  584.3 |
       Dungeon |   7286 |   6979 |    307 |    959 |   3619 |  11 |  662.4 |
        Temple |     15 |     15 |      0 |      0 |      0 |   1 |   15.0 |
       Ossuary |    293 |    293 |      0 |      0 |     66 |   1 |  293.0 |
               +--------+--------+--------+--------+--------+-----+--------+

Top non-repeatable levels by time:
     D:6: 1349 daAuts
     D:7: 914 daAuts
     D:9: 818 daAuts
     D:2: 669 daAuts
     D:4: 655 daAuts
     D:3: 649 daAuts
     D:8: 596 daAuts
    D:10: 553 daAuts
     D:1: 536 daAuts
     D:5: 513 daAuts
 Ossuary: 293 daAuts
    D:11: 30 daAuts
  Temple: 15 daAuts
